 Dungeon Crawl Stone Soup version 0.22-a0-183-g9e71ff9 (webtiles) character file.

4 100101001 the Sneak (level 1, -1/14 HPs)
             Began as a Demigod Wanderer on Feb 14, 2018.
             Slain by a kobold (2 damage)
             ... on level 1 of the Dungeon.
             The game lasted 00:00:20 (65 turns).

100101001 the Sneak (Demigod Wanderer)                Turns: 65, Time: 00:00:21

Health: -1/14      AC:  2    Str: 15    XL:     1   Next: 46%
Magic:  5/5        EV: 12    Int: 13    God:
Gold:   0          SH:  0    Dex: 18    Spells: 3/3 levels left

rFire    . . .     SeeInvis .   e - +0 dagger
rCold    . . .     Gourm    .   (no shield)
rNeg     . . .     Faith    .   d - +0 robe
rPois    .         Spirit   .   (no helmet)
rElec    .         Reflect  .   (no cloak)
rCorr    .         Harm     .   (no gloves)
MR       .....                  (no boots)
Stlth    ++........             (no amulet)
HPRegen  0.04/turn              (no ring)
MPRegen  0.09/turn              (no ring)

@: no status effects
A: high mp 1
a: no special abilities


You were on level 1 of the Dungeon.
You were not hungry.

You visited 1 branch of the dungeon, and saw 1 of its levels.

Inventory:

Hand Weapons
 e - a +0 dagger (weapon)
Armour
 d - a +0 robe (worn)
Scrolls
 a - a scroll of fear
Potions
 b - a potion of haste
 c - a potion of curing
Comestibles
 f - a ration


   Skills:
 + Level 0.1 Fighting
 + Level 1.0 Short Blades
 - Level 1.0 Dodging
 - Level 1.7 Stealth
 - Level 1.0 Unarmed Combat
 - Level 1.7 Spellcasting
   Level 1.0 Summonings
   Level 1.7 Transmutations
   Level 1.0 Evocations


You had 3 spell levels left.
You didn't know any spells.

Dungeon Overview and Level Annotations

Branches:
Dungeon (1/15)


Innate Abilities, Weirdness & Mutations

You have an increased reservoir of magic. (+10% MP)


Message History

The dart slug launches a dart at you. The slug dart misses you.
You are too injured to fight recklessly!
You are too injured to fight recklessly!
You are too injured to fight recklessly!
You completely miss the dart slug.
The dart slug is severely wounded.
The kobold hits you.
* * * LOW HITPOINT WARNING * * *
The dart slug bites you.
* * * LOW HITPOINT WARNING * * *
You hit the dart slug but do no damage.
The dart slug is severely wounded.
The kobold hits you.
* * * LOW HITPOINT WARNING * * *
You hit the dart slug.
You kill the dart slug!
Your Short Blades skill increases to level 1!
The kobold hits you.
You die...

#..# ###.# ##..#
##.... #...###
##..### #.#...##
##....#
#.#.#..#####..#####
#.#.###.##.##..# #
#)#.# #...#...## ##
##.#.####.#.#######.
#..@...###....#.#...
..$...K#.#.#
####......#
######.#... ###..###
#....... #..#
.)........ ##.#
...##.##.# ##. #####
.# # ## .#


You could see a kobold.

Vanquished Creatures
  A dart slug (D:1)
  A goblin (D:1)
  A frilled lizard (D:1)
3 creatures vanquished.

Notes
Turn   | Place    | Note
-------+----------+-------------------------------------------
     0 | D:1      | 100101001 the Demigod Wanderer began the quest for the Orb.
     0 | D:1      | 100101001 set off with: a scroll of fear, a potion of haste, a potion of curing, a +0 robe, a +0 dagger, a ration
     0 | D:1      | Reached XP level 1. HP: 14/14 MP: 5/5
    65 | D:1      | Reached skill level 1 in Short Blades
    65 | D:1      | Slain by a kobold

Vault maps used:
D:1:      lemuel_arrival_tunnels, serial_aquarium, aquarium_bridge_straight,
          aquarium_window_1, aquarium_window_corridor_1, aquarium_window_2,
          aquarium_view_2c, aquarium_balcony_3a, patterned_corridor

Skill      XL: |  1 |
---------------+----+-----
Short Blades   | 1 |  1.0
Fighting       | |  0.1
Dodging        | |  1.0
Stealth        | |  1.7
Unarmed Combat | |  1.0
Spellcasting   | |  1.7
Summonings     | |  1.0
Transmutations | |  1.7
Evocations     | |  1.0

Action                   || total
-------------------------++-------
Melee: Dagger            ||    16
Armor: Robe              ||     3
Dodge: Dodged            ||     8

Table legend:
 A = Spawn XP
 B = Non-spawn XP
 C = Spawn XP percentage of total XP
 D = Spawn monster count
 E = Non-spawn monster count
 F = Spawn count percentage of total count
 G = Total turns spent on level
                    A         B        C        D         E        F      G
               +---------+---------+-------+---------+---------+-------+---------
         Total |       0 |       7 |   0.0 |       0 |       3 |   0.0 |    65
               +---------+---------+-------+---------+---------+-------+---------
           D:1 |       0 |       7 |   0.0 |       0 |       3 |   0.0 |    65
               +---------+---------+-------+---------+---------+-------+---------
